 Dungeon Crawl Stone Soup version 0.27-a0-972-gd1521fd518 (webtiles) character file.

Game seed: 16608740418087911539

76 robertstho the Skirmisher (level 4, 0/49 HPs)
             Began as an Octopode Berserker on Apr 13, 2021.
             Was a Believer of Trog.
             Succumbed to a water moccasin's poison
             ... on level 3 of the Dungeon.
             The game lasted 00:01:50 (2404 turns).

robertstho the Skirmisher (Octopode Berserker)      Turns: 2404, Time: 00:01:51

Health: 0/49       AC:  1    Str: 22    XL:     4   Next: 32%
Magic:  4/4        EV: 13    Int:  9    God:    Trog [**....]
Gold:   67         SH:  0    Dex: 12    Spells: 3/3 levels left

rFire    . . .     SeeInvis .   a - +0 falchion
rCold    + . .     Faith    .   (no shield)
rNeg     . . .     Spirit   .   (helmet restricted)
rPois    .         Reflect  .   (no amulet)
rElec    .         Harm     .   i - ring of protection from cold
rCorr    .         Rampage  .   g - +6 ring of strength
Will     .....                  (no ring)
Stlth    ..........             (no ring)
HPRegen  0.16/turn              (no ring)
MPRegen  0.09/turn              (no ring)
                                (no ring)
                                (no ring)

@: berserking, lethally poisoned (0 -> -18), very quick
A: almost no armour, amphibious, 8 rings, camouflage 1, gelatinous body 1,
(nimble swimmer 1), tentacles
a: Renounce Religion, Berserk, Trog's Hand


You were on level 3 of the Dungeon.
You worshipped Trog.
Trog was pleased with you.
You visited 1 branch of the dungeon, and saw 3 of its levels.

You collected 67 gold pieces.

Inventory:

Hand Weapons
 a - a +0 falchion (weapon)
Jewellery
 g - a +6 ring of strength (right tentacle)
 i - a ring of protection from cold (left tentacle)
Scrolls
 f - a scroll of teleportation
 h - a scroll of acquirement {unknown}
 j - a scroll of fear {unknown}
 k - a scroll of vulnerability {unknown}
 l - a scroll of identify
Potions
 b - a potion of heal wounds
 c - 2 potions of flight {unknown}
 d - a potion of berserk rage {unknown}
 e - 2 potions of resistance


   Skills:
 * Level 3.8 Fighting
 + Level 3.4 Long Blades
 + Level 3.3 Dodging
 * Level 2.8 Stealth


You had 3 spell levels left.
You didn't know any spells.
Your spell library was empty.

Dungeon Overview and Level Annotations

Branches:
Dungeon (3/15)

Altars:


Innate Abilities, Weirdness & Mutations

You cannot wear most types of armour.
You are amphibious.
You can wear up to eight rings at the same time.
Your skin changes colour to match your surroundings (Stealth+).
Your rubbery body absorbs attacks. (AC +1, EV +1)
((You are camouflaged near water. (Stealth+)))
You have tentacles for arms and can constrict up to eight enemies at once.


Message History

g - a +6 ring of strength (right tentacle)
Found a short sword.
Found an escape hatch in the floor.
You see here a +0 short sword.
Found 4 javelins.
There is an escape hatch in the floor here.
You see here 4 javelins.
A water moccasin comes into view.
A water moccasin is nearby!
A water moccasin is nearby!
A water moccasin is nearby!
The water moccasin hisses angrily.
The water moccasin bites you. The water moccasin bites you!
You barely miss the water moccasin. Your grab misses the water moccasin.
The water moccasin barely misses you.
You barely miss the water moccasin. Your grab misses the water moccasin.
The water moccasin bites you! The water moccasin bites you.
You are too injured to fight recklessly!
You are too injured to fight recklessly!
You are too injured to fight recklessly!
You are too injured to fight recklessly!
You are too injured to fight recklessly!
You are too injured to fight recklessly!
You are too injured to fight recklessly!
You are too injured to fight recklessly!
You are too injured to fight recklessly!
You are too injured to fight recklessly!
A water moccasin is nearby!
A red film seems to cover your vision as you go berserk!
You feel yourself moving faster!
You feel mighty! The water moccasin bites you!
* * * LOW HITPOINT WARNING * * *
You closely miss the water moccasin. Your grab misses the water moccasin.
Your squeeze misses the water moccasin. The water moccasin bites you.
* * * LOW HITPOINT WARNING * * *
You are lethally poisoned!
The water moccasin poisons you!
You slash the water moccasin! You grab the water moccasin.
The water moccasin is heavily wounded.
You constrict the water moccasin.
You die...

### #.#
#.##############
#..............#
#.############.#
#@# #.# #S# #.#
#.# #.# #.# #.#
#.# ####.# #..
#....# ###
#.######
#(#.....
#.#.####


You could see a water moccasin.

Vanquished Creatures
  2 adders (D:2)
  7 endoplasms
  3 giant cockroaches
  6 goblins
  5 hobgoblins
  5 jackals
  4 kobolds (D:1)
  5 quokkas
  3 ball pythons
  4 bats
  3 frilled lizards
  4 rats (D:1)
51 creatures vanquished.

Notes
Turn   | Place    | Note
-------+----------+-------------------------------------------
     0 | D:1      | robertstho the Octopode Berserker began the quest for the
                  | Orb.
     0 | D:1      | Reached XP level 1. HP: 16/16 MP: 1/1
   217 | D:1      | Reached XP level 2. HP: 21/21 MP: 2/2
   485 | D:1      | Reached skill level 1 in Stealth
   655 | D:1      | Reached XP level 3. HP: 26/26 MP: 3/3
  1217 | D:2      | Reached ** piety under Trog
  1461 | D:2      | Found a faded altar of an unknown god.
  1468 | D:2      | Reached XP level 4. HP: 33/33 MP: 4/4
  2397 | D:3      | Noticed a water moccasin
  2404 | D:3      | Succumbed to a water moccasin's poison

Illustrated notes

Levels and vault maps discovered:
D:1:      dpeg_arrival_shelter, layout_loops_corners, serial_bayou_ford_a,
          minmay_vboxes
D:2:      layout_basic, hellmonk_ecumenical_altar_heavens_door, minivault_11,
          st_stairs_6
D:3:      layout_basic, serial_park_tiny_2

Skill      XL: |  1  2  3 |
---------------+----------+-----
Stealth        | 1 2 |  2.8
Fighting       | |  3.8
Long Blades    | |  3.4
Dodging        | |  3.3

Action                   |  1- 3 |  4- 6 || total
-------------------------+-------+-------++-------
Melee: Falchion          |    53 |    30 ||    83
       Tentacles         |    10 |     1 ||    11
       Constrict         |    15 |     8 ||    23
Invok: Berserk           |     1 |     1 ||     2
  Use: Scroll            |       |     3 ||     3
 Stab: Sleeping          |     7 |     3 ||    10
Armor: Skin              |     1 |     3 ||     4
Dodge: Dodged            |    37 |    11 ||    48
       Rpst.: Falchion   |    10 |     2 ||    12

Table legend: (Time is in decaauts)
 A = Elapsed time spent in this place.
 B = Non-inter-level travel time spent in this place.
 C = Inter-level travel time spent in this place.
 D = Time resting spent in this place.
 E = Time spent auto-exploring this place.
 F = Levels seen in this place.
 G = Mean time per level.
                   A        B        C        D        E       F      G
               +--------+--------+--------+--------+--------+-----+--------+
         Total |   2421 |   2394 |     27 |      0 |   2102 |   3 |  807.0 |
       Dungeon |   2421 |   2394 |     27 |      0 |   2102 |   3 |  807.0 |
               +--------+--------+--------+--------+--------+-----+--------+

Top non-repeatable levels by time:
     D:1: 1113 daAuts
     D:2: 827 daAuts
     D:3: 480 daAuts
